 Dungeon Crawl Stone Soup version 0.21-a0-496-g696f58f (webtiles) character file.

1607 kae the Digger (level 8, -3/48 HPs)
             Began as a Gargoyle Earth Elementalist on Nov 23, 2017.
             Slain by Ajdolov's ghost (13 damage)
             ... on level 6 of the Dungeon.
             The game lasted 00:08:35 (7548 turns).

kae the Digger (Gargoyle Earth Elementalist)        Turns: 7548, Time: 00:08:36

Health: -3/48      AC: 12    Str: 13    XL:     8   Next: 95%
Magic:  2/16       EV: 13    Int: 17    God:
Gold:   202        SH:  0    Dex: 10    Spells: 13/17 levels left

rFire    + . .     SeeInvis .   t - +3 whip (venom)
rCold    . . .     Gourm    .   (no shield)
rNeg     + . .     Faith    .   u - +2 robe {rF+} rPois āˆž Spirit .
                                (no helmet)
rElec    +         Reflect  .   y - +0 cloak
rCorr    .         Harm     .   l - +1 pair of gloves
MR       .....                  (no boots)
Stlth    ++........             (no amulet)
HPRegen  0.16/turn              (no ring)
MPRegen  0.15/turn              (no ring)

@: no status effects
A: negative energy resistance 1, electricity resistance, unbreathing,
petrification resistance, rot immunity, AC +5
a: no special abilities


You were on level 6 of the Dungeon.
You were not hungry.

You visited 1 branch of the dungeon, and saw 6 of its levels.
You also visited: Ossuary.

You collected 202 gold pieces.

Inventory:

Hand Weapons
 a - a +0 club
 t - a +3 whip of venom (weapon)
Missiles
 b - 97 stones (quivered)
Armour
 l - a +1 pair of gloves (worn)
 u - a +2 robe of fire resistance (worn)
 y - a +0 cloak (worn)
Jewellery
 j - an uncursed ring of protection from cold
Wands
 v - a wand of polymorph (28)
Scrolls
 f - a scroll of fear
 n - a scroll of blinking
 o - a scroll of remove curse
 r - 6 scrolls of teleportation
Potions
 g - a potion of haste
 m - 5 potions of lignification
 p - 7 potions of flight
 q - 3 potions of curing
 w - 2 potions of mutation {unknown}
 x - a potion of brilliance {unknown}
 z - 3 potions of heal wounds
Books
 c - a book of Misfortune

   Spells                             Type                      Level
   a - Confusing Touch                Hexes                        1
   b - Confuse                        Hexes                        3
   c - Gell's Gravitas                Translocation                3
   d - Petrify                        Transmutation/Earth          4
   e - Metabolic Englaciation         Hexes/Ice                    5
   f - Yara's Violent Unravelling     Hexes/Transmutation          5
 e - a book of Geomancy

   Spells                             Type                      Level
   a - Sandblast                      Earth                        1
   b - Passwall                       Transmutation/Earth          2
   c - Stone Arrow                    Conjuration/Earth            3
   d - Petrify                        Transmutation/Earth          4
   e - Lee's Rapid Deconstruction     Earth                        5
Comestibles
 d - 5 bread rations
 i - 3 meat rations
 k - 10 fruits


   Skills:
 + Level 3.7 Fighting
 + Level 3.3 Dodging
 - Level 2.1 Stealth
 * Level 5.4 Spellcasting
 * Level 5.6 Conjurations
   Level 0.7 Transmutations
 * Level 7.8 Earth Magic


You had 13 spell levels left.
You knew the following spells:

 Your Spells              Type           Power        Failure   Level  Hunger
a - Sandblast             Erth           ####..       1%          1    None
b - Stone Arrow           Conj/Erth      ####..       2%          3    ##.....


Dungeon Overview and Level Annotations

Branches:
Dungeon (6/15)
 Temple: D:4-7

Altars:
Elyvilon
Fedhas
Ru
Sif Muna
Trog
Zin
The Shining One

Shops:
D:5 [

Annotations:
D:6 Ajdolov's ghost, novice GrFi


Innate Abilities, Weirdness & Mutations

You are resistant to torment.
Your stone body is resilient. (AC +5)
You are immune to poison.
You resist negative energy. (rN+)
You are resistant to electric shocks. (rElec)
You can survive without breathing.
You are immune to petrification.
You are immune to rotting.


Message History

Confirm with . or Enter, or press ? or * to list all spells.
Aiming: Sandblast
Press: ? - help, Shift-Dir - straight line, f/p - Ajdolov's ghost
Aim: Ajdolov's ghost (moderately damaged)
The blast of sand hits Ajdolov's ghost.
Ajdolov's ghost is moderately damaged.
b - 98 stones Ajdolov's ghost keens inconsolably.
Ajdolov's ghost hits you!
* * * LOW HITPOINT WARNING * * *
Casting: Sandblast
Confirm with . or Enter, or press ? or * to list all spells.
Aiming: Sandblast
Press: ? - help, Shift-Dir - straight line, f/p - Ajdolov's ghost
Aim: Ajdolov's ghost (moderately damaged)
The blast of sand hits Ajdolov's ghost.
Ajdolov's ghost is moderately damaged.
b - 97 stones Ajdolov's ghost hits you!
You die...

..Pā‰ˆā‰ˆ.
..... .... .
# ... ?.#.
#.##
#....###..#
#......#..##
#...@.#
####.W.#
#.### #..
###. .. ..
...


You could see Ajdolov's ghost.

Vanquished Creatures
  The ghost of Oozefury the Insei, an amateur MfTm (D:3)
  An ice beast (D:5)
  A black bear (D:6)
  A phantom (D:5)
  9 scorpions (Ossuary)
  A crimson imp (D:5)
  6 orc wizards
  A centaur zombie (Ossuary)
  2 human zombies (Ossuary)
  2 orc priests (D:4)
  Crazy Yiuf (D:5)
  A bullfrog skeleton (D:4)
  2 worker ants
  2 big kobold zombies (Ossuary)
  2 mummies (Ossuary)
  A howler monkey skeleton (D:4)
  5 scorpion zombies (Ossuary)
  4 adders
  An ooze (D:2)
  An adder skeleton (D:5)
  6 worms
  A dart slug (D:1)
  7 leopard geckos
  29 orcs
  10 bats
  5 giant cockroaches
  A gnoll zombie (Ossuary)
  7 goblins
  7 hobgoblins
  A jackal (D:3)
  11 kobolds
  5 quokkas
  A ball python (D:1)
  3 frilled lizards
  2 goblin zombies (Ossuary)
  4 hobgoblin zombies (Ossuary)
  5 kobold zombies (Ossuary)
  An orc zombie (Ossuary)
  8 rats
  A plant (D:1)
160 creatures vanquished.

Vanquished Creatures (others)
  A mummy (Ossuary)
1 creature vanquished.

Grand Total: 161 creatures vanquished

Notes
Turn   | Place    | Note
-------+----------+-------------------------------------------
     0 | D:1      | kae the Gargoyle Earth Elementalist began the quest for the Orb.
     0 | D:1      | Reached XP level 1. HP: 10/10 MP: 3/3
   330 | D:2      | Reached skill level 4 in Earth Magic
   330 | D:2      | Reached XP level 2. HP: 13/15 MP: 1/5
   840 | D:2      | Reached XP level 3. HP: 14/19 MP: 6/6
   845 | D:2      | Learned a level 3 spell: Stone Arrow
  2058 | D:2      | Reached XP level 4. HP: 23/24 MP: 8/8
  2064 | D:2      | Found a white marble altar of Elyvilon.
  2161 | D:2      | Reached skill level 1 in Conjurations
  2765 | D:3      | Noticed Oozefury's ghost (amateur MfTm)
  2778 | D:3      | Killed Oozefury's ghost
  2778 | D:3      | Reached skill level 1 in Fighting
  2778 | D:3      | Reached skill level 5 in Earth Magic
  2778 | D:3      | Reached XP level 5. HP: 20/29 MP: 0/9
  2875 | D:3      | Found a faded altar of an unknown god.
  3163 | D:3      | Found a sacrificial altar of Ru.
  3175 | D:3      | Reached XP level 6. HP: 34/34 MP: 3/11
  3976 | D:3      | Found a deep blue altar of Sif Muna.
  4070 | D:4      | Found a blossoming altar of Fedhas.
  4071 | D:4      | Found a glowing silver altar of Zin.
  4071 | D:4      | Found a glowing golden altar of the Shining One.
  4355 | D:4      | Found a deep blue altar of Sif Muna.
  4527 | D:4      | Reached XP level 7. HP: 40/40 MP: 4/12
  4934 | D:4      | Found a bloodstained altar of Trog.
  5224 | D:4      | Reached skill level 6 in Earth Magic
  5252 | D:5      | Entered Level 5 of the Dungeon
  5513 | D:5      | Found a sand-covered staircase.
  5517 | Ossuary  | Entered an ossuary
  5621 | Ossuary  | Reached XP level 8. HP: 45/45 MP: 14/14
  5850 | Ossuary  | Reached skill level 7 in Earth Magic
  6177 | Ossuary  | Reached skill level 5 in Spellcasting
  6181 | Ossuary  | Reached skill level 5 in Conjurations
  6880 | D:5      | Found a runed door.
  6963 | D:5      | Found Ilekk's Armour Shop.
  7015 | D:5      | Noticed Crazy Yiuf
  7060 | D:5      | Killed Crazy Yiuf
  7193 | D:6      | Noticed Ajdolov's ghost (novice GrFi)
  7548 | D:6      | Slain by Ajdolov's ghost

Vault maps used:
D:1:      minmay_arrival_hallway, lexackson_kobold_supper
D:2:      nicolae_overflow_crystal_walls, first_bread
D:3:      nicolae_ru_great_annihilating_truth, chequers_ecumenical_altar_simple,
          lemuel_blue_sif_altar
D:4:      grunt_temple_overflow_open, kennysheep_generic_room_2
D:5:      serial_shops, kennysheep_mini_moat,
          nicolae_ossuary_entry_false_entrances, uniq_crazy_yiuf_cottage
D:6:      marbit_many_paths, lemuel_crystal_altar, chequers_big_river,
          kennysheep_generic_room_3, uniq_blork_the_orc
Ossuary:  ossuary_minmay_scorpions

Skill      XL: |  1  2  3  4  5  6  7  8 |
---------------+-------------------------+-----
Earth Magic    | 4 5 6 7 |  7.8
Conjurations   | 2 3 4 5 |  5.6
Fighting       | 1 2 3 |  3.7
Dodging        | 2 3 |  3.3
Spellcasting   | 3 4 5 |  5.4
Stealth        | |  2.1
Transmutations | |  0.7

Action                   |  1- 3 |  4- 6 |  7- 9 || total
-------------------------+-------+-------+-------++-------
Melee: Club              |   155 |    94 |       ||   249
       Whip              |       |    61 |   208 ||   269
 Cast: Sandblast         |    28 |    52 |    64 ||   144
       Stone Arrow       |       |     8 |    40 ||    48
  Use: Scroll            |     4 |     8 |     5 ||    17
 Stab: Sleeping          |       |     2 |     3 ||     5
       Paralysed         |       |     5 |       ||     5
  Eat: Chunk             |     4 |     9 |     5 ||    18
       Royal jelly       |       |       |     2 ||     2
       Bread ration      |       |       |     1 ||     1
       Fruit             |       |       |     1 ||     1
Armor: Robe              |    64 |   109 |   117 ||   290
Dodge: Dodged            |   103 |   150 |   165 ||   418

Table legend:
 A = Spawn XP
 B = Non-spawn XP
 C = Spawn XP percentage of total XP
 D = Spawn monster count
 E = Non-spawn monster count
 F = Spawn count percentage of total count
 G = Total turns spent on level
                    A         B        C        D         E        F      G
               +---------+---------+-------+---------+---------+-------+---------
         Total |       0 |    2297 |   0.0 |       0 |     159 |   0.0 |  7548
               +---------+---------+-------+---------+---------+-------+---------
           D:1 |       0 |      42 |   0.0 |       0 |      23 |   0.0 |   940
           D:2 |       0 |      64 |   0.0 |       0 |      27 |   0.0 |  1804
           D:3 |       0 |     287 |   0.0 |       0 |      23 |   0.0 |  1296
           D:4 |       0 |     325 |   0.0 |       0 |      33 |   0.0 |  1212
           D:5 |       0 |     536 |   0.0 |       0 |      18 |   0.0 |  1138
           D:6 |       0 |     126 |   0.0 |       0 |       1 |   0.0 |    43
       Ossuary |       0 |     917 |   0.0 |       0 |      34 |   0.0 |  1115
               +---------+---------+-------+---------+---------+-------+---------
